 Dungeon Crawl Stone Soup version 0.29-a0-297-g7659ce593d (webtiles) character file.

Game seed: 6179942760865270346

4097 kipponium the Cleaver (level 10, -11/70 HPs)
             Began as a Demonspawn Berserker on Mar 20, 2022.
             Was an Elder of Trog.
             Mangled by a wyvern (17 damage)
             ... on level 8 of the Dungeon.
             The game lasted 00:17:23 (8803 turns).

kipponium the Cleaver (Demonspawn Berserker)        Turns: 8803, Time: 00:17:23

Health: -11/70     AC:  4    Str: 22    XL:     10   Next: 5%
Magic:  0/10       EV: 16    Int:  9    God:    Trog [****..]
Gold:   348        SH:  4    Dex: 12    Spells: 9/9 levels left

rFire   . . .      SeeInvis .   v - +0 war axe
rCold   . . .      Faith    .   (no shield)
rNeg    + . .      Spirit   +   b - +0 animal skin
rPois   .          Reflect  .   g - +1 hat
rElec   .          Harm     .   N - +0 cloak {Will+}
rCorr   .          Rampage  .   (no gloves)
Will    +....                   (no boots)
Stlth   +.........              f - amulet of guardian spirit
HPRegen 2.21/turn               u - +4 ring of evasion
MPRegen 0.12/turn               n - ring of positive energy

@: on berserk cooldown, slowed, very slow
A: large bone plates 1, powered by death 2, weakness stinger 2
a: Renounce Religion, Berserk, Trog's Hand, Brothers in Arms


You were on level 8 of the Dungeon.
You worshipped Trog.
Trog was greatly pleased with you.
You visited 1 branch of the dungeon, and saw 8 of its levels.
You also visited: Ossuary.

You collected 348 gold pieces.

Inventory:

Hand Weapons
 a - a +0 hand axe
 v - a +0 war axe (weapon)
Missiles
 h - 183 stones
 j - 17 poisoned darts (quivered)
 q - 5 curare-tipped darts
Armour
 b - a +0 animal skin (worn)
 c - a +1 helmet
 g - a +1 hat (worn)
 N - a +0 cloak of willpower (worn)
Jewellery
 f - an amulet of guardian spirit (around neck)
 l - an amulet of reflection
 m - a ring of magical power
 n - a ring of positive energy (right hand)
 p - an amulet of magic regeneration
 u - a +4 ring of evasion (left hand)
 B - a ring of ice
Wands
 t - a wand of charming (7)
 I - a wand of acid (7)
 L - a wand of iceblast (4)
 M - a wand of polymorph (18)
Scrolls
 k - a scroll of amnesia {unknown}
 o - 2 scrolls of noise {unknown}
 r - a scroll of immolation
 w - 3 scrolls of vulnerability {unknown}
 x - a scroll of enchant armour {unknown}
 y - 4 scrolls of teleportation
 D - a scroll of fog {unknown}
 K - 3 scrolls of identify
Potions
 d - 4 potions of haste {unknown}
 e - 2 potions of berserk rage
 i - 5 potions of brilliance {unknown}
 s - a potion of magic {unknown}
 z - 3 potions of attraction
 A - 2 potions of resistance {unknown}
 C - a potion of lignification {unknown}
 E - a potion of heal wounds
 F - a potion of flight
 G - 2 potions of curing {unknown}
 H - a potion of might {unknown}
 J - a potion of degeneration {unknown}


   Skills:
 - Level 3.0 Fighting
 + Level 13.4 Axes
 - Level 0.1 Throwing
 - Level 1.7 Armour
 - Level 1.7 Dodging
 - Level 0.6 Evocations


You had 9 spell levels left.
You didn't know any spells.
Your spell library was empty.

Dungeon Overview and Level Annotations

Branches:
Dungeon (8/15)             Temple (0/1) D:6         Ossuary (visited)
   Lair: D:8-11

Altars:
Elyvilon
Gozag
Hepliaklqana
Okawaru
Qazlal
Sif Muna
Trog
The Shining One

Shops:
D:1 =


Innate Abilities, Weirdness & Mutations

You are partially covered in large bone plates. (SH +4)
You regenerate health from kills.
You have a tail ending in a sharp stinger.


Message History

You slash the yak! The yak gores you but does no damage. The yak gores you.
You slash the yak! You tail-slap the yak.
You kill the yak!
Trog accepts your kill.
You completely miss the yak.
You have reached level 10!
Your demonic ancestry asserts itself...
Large bone plates grow over parts of your arms.
You slice the yak!!
You kill the yak!
Trog accepts your kill.
You are no longer berserk.
You are exhausted.
You feel yourself slow down.
You hit the yak.
The yak is lightly wounded.
You slash the wyvern! The wyvern bites you. You block the yak's attack.
You block the wyvern's attack.
You closely miss the wyvern. You tail-slap the wyvern.
The wyvern is lightly wounded.
You slash the yak! You slash the wyvern! The wyvern barely misses you.
The wyvern bites you but does no damage.
The yak barely misses you. The wyvern bites you. The wyvern bites you!
You slash the wyvern!
The wyvern is heavily wounded.
You hit the wyvern. You slash the yak! The wyvern barely misses you.
The yak barely misses you. The wyvern bites you!
* * * LOW HITPOINT WARNING * * *
The wyvern bites you.
* * * LOW HITPOINT WARNING * * *
The yak gores you!
* * * LOW HITPOINT WARNING * * *
The wyvern bites you.
* * * LOW HITPOINT WARNING * * *
Your ogre goes berserk!
The wyvern misses you. The wyvern bites you.
* * * LOW HITPOINT WARNING * * *
You block the yak's attack. The wyvern completely misses you.
The wyvern bites you!
You die...

...# ##..# #...## ....
./.# #.# #.O#####. #.#
#lY...... #.# #@# #.#
##l## #.# ##†..## #.####
##.....## #.##.##
##.......#
###.#...####.........#
...........'.........'.
###.#...####.........##.
#.##.## ##.......##


You could see a yak, 2 wyverns and a friendly ogre (summoned, berserk).

Vanquished Creatures
  Grinder (D:4)
  Eustachio (D:6)
  5 yaks (D:8)
  A water moccasin (D:6)
  Duvessa (D:4)
  An orc warrior (D:7)
  An ogre (D:6)
  2 centaurs
  2 phantoms (D:5)
  Blork the orc (D:4)
  A necrophage (D:6)
  2 bullfrogs (D:7)
  7 scorpions (Ossuary)
  A gnoll sergeant (D:6)
  5 wights (D:6)
  Dowan (D:4)
  2 howler monkeys (D:8)
  10 hounds
  3 human zombies (Ossuary)
  Crazy Yiuf (D:7)
  An orc priest (D:6)
  A gnoll shaman (D:5)
  7 scorpion zombies (Ossuary)
  7 iguanas
  2 orc wizards
  3 mummies (Ossuary)
  4 adders
  9 gnolls
  A white imp (D:5)
  3 worms
  A dart slug (D:2)
  15 orcs
  10 ball pythons
  8 bats
  5 endoplasms
  6 giant cockroaches
  3 gnoll zombies (Ossuary)
  7 goblins
  9 hobgoblins
  4 quokkas
  4 frilled lizards (D:1)
  3 hobgoblin zombies (Ossuary)
  9 kobolds
  2 kobold zombies (Ossuary)
  4 orc zombies (Ossuary)
  5 rats
182 creatures vanquished.

Vanquished Creatures (collateral kills)
  A gnoll sergeant (D:7)
  An endoplasm (D:4)
2 creatures vanquished.

Grand Total: 184 creatures vanquished

Notes
Turn   | Place    | Note
-------+----------+-------------------------------------------
     0 | D:1      | kipponium the Demonspawn Berserker began the quest for the
                  | Orb.
     0 | D:1      | Reached XP level 1. HP: 18/18 MP: 1/1
   253 | D:1      | Reached skill level 3 in Axes
   280 | D:1      | Found Vieheice's Jewellery Emporium.
   442 | D:1      | Gained mutation: You regenerate a little health from kills.
                  | [demonic ancestry]
   442 | D:1      | Reached XP level 2. HP: 18/24 MP: 2/2
   776 | D:1      | Found a faded altar of an unknown god.
   962 | D:2      | Reached ** piety under Trog
  1059 | D:2      | Reached XP level 3. HP: 27/27 MP: 3/3
  1228 | D:2      | Reached skill level 4 in Axes
  1508 | D:2      | Gained mutation: You have a small tail. [demonic ancestry]
  1508 | D:2      | Reached XP level 4. HP: 19/35 MP: 1/4
  2745 | D:3      | Found a hazy altar of Hepliaklqana.
  2745 | D:3      | Found a shimmering blue altar of Sif Muna.
  3047 | D:4      | Reached skill level 5 in Axes
  3238 | D:4      | Noticed Blork the orc
  3246 | D:4      | Killed Blork the orc
  3247 | D:4      | Reached XP level 5. HP: 41/41 MP: 5/5
  3267 | D:4      | Noticed Grinder
  3367 | D:4      | Killed Grinder
  3368 | D:4      | Reached skill level 6 in Axes
  3368 | D:4      | Gained mutation: You have a tail ending in a sharp stinger.
                  | [demonic ancestry]
  3368 | D:4      | Reached XP level 6. HP: 47/47 MP: 6/6
  3431 | D:4      | Reached skill level 7 in Axes
  3544 | D:4      | Noticed Duvessa
  3569 | D:4      | Noticed Dowan
  3577 | D:4      | Killed Duvessa
  3578 | D:4      | Reached XP level 7. HP: 52/52 MP: 7/7
  3632 | D:4      | Killed Dowan
  3890 | D:5      | Entered Level 5 of the Dungeon
  3967 | D:5      | Reached skill level 8 in Axes
  4212 | D:5      | Found an iron altar of Okawaru.
  4236 | D:5      | Found a stormy altar of Qazlal.
  4945 | D:6      | Reached skill level 9 in Axes
  4945 | D:6      | Reached XP level 8. HP: 53/58 MP: 8/8
  5031 | D:6      | Found an opulent altar of Gozag.
  5056 | D:6      | Noticed Eustachio
  5077 | D:6      | Killed Eustachio
  5268 | D:6      | Found a staircase to the Ecumenical Temple.
  5343 | D:6      | Reached skill level 10 in Axes
  6566 | D:7      | Reached skill level 11 in Axes
  6573 | D:7      | Found a sand-covered staircase.
  6579 | D:7      | Reached *** piety under Trog
  6589 | D:7      | Gained mutation: You regenerate health from kills. [demonic
                  | ancestry]
  6589 | D:7      | Reached XP level 9. HP: 49/63 MP: 9/9
  6601 | Ossuary  | Entered an ossuary
  7008 | Ossuary  | Reached **** piety under Trog
  7009 | Ossuary  | Reached skill level 12 in Axes
  7718 | D:7      | Found a bloodstained altar of Trog.
  7994 | D:7      | Found a runed translucent door.
  7995 | D:7      | Noticed Crazy Yiuf
  8116 | D:7      | Killed Crazy Yiuf
  8788 | D:8      | Reached skill level 13 in Axes
  8799 | D:8      | Gained mutation: You are partially covered in large bone
                  | plates. (SH +4) [demonic ancestry]
  8799 | D:8      | Reached XP level 10. HP: 45/70 MP: 3/10
  8803 | D:8      | Mangled by a wyvern

Illustrated notes

Levels and vault maps discovered:
D:1:      grunt_arrival_crossed_arrows, layout_basic,
          hellmonk_ecumenical_altar_run_dry, serial_shops,
          nicolae_shop_behind_doors
D:2:      layout_rooms
D:3:      layout_basic, grunt_temple_overflow_open, grunt_ministairs_11
D:4:      layout_cave_pools, uniq_blork_the_orc, uniq_grinder, uniq_duvessa
D:5:      layout_loops_ring, nicolae_overflow_hidden_temple,
          nicolae_qazlal_general_emergency, minmay_misc_feat_ornament
D:6:      layout_gridville, kennysheep_mini, minmay_temple_entry_from_below_b,
          uniq_eustachio
D:7:      layout_cave_pools, trog_butcher_becter, enter_ossuary_1,
          uniq_crazy_yiuf_cottage
D:8:      layout_loops_corners, ebering_ghost_xom, hangedman_glass_teeth

Skill      XL: |  1  2  3  4  5  6  7  8  9 |
---------------+----------------------------+-----
Axes           | 3 4 5 6 7 9 11 13 | 13.4
Fighting       | |  3.0
Throwing       | |  0.1
Armour         | |  1.7
Dodging        | |  1.7
Evocations     | |  0.6

Action                   |  1- 3 |  4- 6 |  7- 9 | 10-12 || total
-------------------------+-------+-------+-------+-------++-------
Melee: Hand axe          |   130 |   146 |    51 |       ||   327
       Punch             |     1 |       |     5 |       ||     6
       Tailslap          |       |    13 |    56 |     1 ||    70
       War axe           |       |       |   376 |     4 ||   380
Throw: Throwing net      |     1 |       |       |       ||     1
       Dart              |       |     3 |     1 |       ||     4
Invok: Trog's Hand       |       |     3 |     1 |       ||     4
       Berserk           |       |     3 |     8 |       ||    11
       Brothers in Arms  |       |       |       |     1 ||     1
Evoke: Wand              |       |     3 |       |       ||     3
  Use: Scroll            |       |       |     9 |       ||     9
 Stab: Sleeping          |     1 |     2 |       |       ||     3
       Held in net/web   |     1 |       |       |       ||     1
Armor: Animal skin       |    40 |    43 |    74 |     1 ||   158
Dodge: Dodged            |    76 |   119 |   229 |     6 ||   430
Block: Other             |       |       |       |     3 ||     3

Table legend: (Time is in decaauts)
 A = Elapsed time spent in this place.
 B = Non-inter-level travel time spent in this place.
 C = Inter-level travel time spent in this place.
 D = Time resting spent in this place.
 E = Time spent auto-exploring this place.
 F = Levels seen in this place.
 G = Mean time per level.
                   A        B        C        D        E       F      G
               +--------+--------+--------+--------+--------+-----+--------+
         Total |   8894 |   8440 |    454 |   2005 |   4434 |   9 |  988.2 |
       Dungeon |   8341 |   7887 |    454 |   1876 |   4434 |   8 | 1042.6 |
       Ossuary |    552 |    552 |      0 |    129 |      0 |   1 |  552.0 |
               +--------+--------+--------+--------+--------+-----+--------+

Top non-repeatable levels by time:
     D:6: 1510 daAuts
     D:3: 1285 daAuts
     D:5: 1103 daAuts
     D:7: 1072 daAuts
     D:1: 967 daAuts
     D:2: 949 daAuts
     D:4: 834 daAuts
     D:8: 618 daAuts
 Ossuary: 552 daAuts
